Map: World of Sleepers LE

Players

Orocou

  • Race: Protoss Protoss
  • Spawn Location: 7:00

A.I. 1 (Elite) - Winner!

  • Race: Terran Terran
  • Spawn Location: 1:00

VOD

Have the link to the VOD?

Description

Army too small

Time

  • Played on: Dec. 27, 2019, 8:30 p.m.
  • Length: 9:46
Show
View Real Time Build Order
Export as new Build Order

Orocou Protoss 

Build Orders:  

Get SALT Encoding   

  12  0:04  Probe  
  13  0:16  Probe  
  14  0:23  Pylon  
  14  0:28  Probe  
  15  0:42  Gateway  
  15  0:45  Probe  
  16  0:57  Probe  
  16  0:58  Gateway  
  17  1:07  Assimilator  
  17  1:11  Assimilator  
  17  1:21  Gateway  
  17  1:31  Probe  
  18  1:40  Cybernetics Core  
  18  1:46  Zealot  
  20  1:50  Zealot  
  22  1:55  Probe  
  23  2:12  Pylon, Warp Gate (Chrono Boost)  
  27  2:30  Zealot, Sentry  
  27  2:35  Sentry  
  29  2:37  Pylon  
  29  2:56  Adept  
  31  3:07  Forge  
  31  3:12  Pylon  
  31  3:14  Adept  
  31  3:19  Probe  
  34  3:33  Twilight Council  
  34  3:35  Probe  
  35  3:47  Probe  
  35  3:48  Adept  
  38  3:59  Charge (Chrono Boost)  
  38  4:02  Robotics Facility  
  39  4:10  Probe  
  39  4:22  Adept  
  39  4:23  Adept  
  43  4:37  Pylon, Protoss Ground Weapons Level 1 (Chrono Boost)  
  43  4:50  Observer  
  44  5:11  Immortal  
  48  5:15  Zealot  
  48  5:16  Zealot  
  52  5:32  Resonating Glaives  
  52  5:35  Zealot  
  54  6:02  Probe  
  55  6:05  Nexus  
  55  6:09  Assimilator  
  55  6:20  Robotics Bay  
  55  6:28  Photon Cannon  
  53  6:35  Stalker  
  55  6:52  Protoss Shields Level 1 (Chrono Boost)  
  55  6:54  Pylon  
  55  6:57  Pylon  
  55  7:08  Extended Thermal Lance  
  55  7:12  Probe  
  56  7:16  Pylon  
  56  7:36  Stalker  
  58  8:23  Adept  
  58  8:24  Adept x2  
  64  8:41  Assimilator  
  64  8:45  Probe  
  64  8:46  Probe  
  64  8:54  Zealot x2  
  64  8:55  Zealot  
  54  9:15  Zealot  
  54  9:16  Zealot x2  
  28  9:36  Zealot  
  28  9:37  Zealot  
Show
View Real Time Build Order
Export as new Build Order

A.I. 1 (Elite) Terran - Winner!

Build Orders:  

Get SALT Encoding   

  12  0:00  SCV  
  13  0:13  SCV  
  14  0:18  Supply Depot  
  14  0:25  SCV  
  15  0:40  SCV  
  15  0:41  Barracks  
  16  0:52  SCV  
  17  1:04  SCV  
  18  1:16  SCV  
  18  1:17  Supply Depot  
  19  1:23  Refinery  
  19  1:28  SCV, Marine  
  21  1:40  SCV  
  21  1:45  Marine  
  23  1:52  Barracks  
  23  1:53  SCV  
  24  1:58  Refinery  
  24  2:03  Marine  
  24  2:05  Orbital Command, Supply Depot  
  25  2:21  Marine  
  26  2:31  SCV  
  27  2:39  Marine  
  27  2:43  SCV, Command Center  
  29  3:01  Factory  
  29  3:02  SCV  
  29  3:04  Marine  
  31  3:08  Marine  
  32  3:14  SCV  
  33  3:22  Marine  
  33  3:25  Marine  
  33  3:26  SCV  
  36  3:38  SCV  
  37  3:44  Factory Tech Lab  
  37  3:50  SCV  
  37  3:54  Starport  
  37  3:55  Marine x2, Orbital Command  
  40  4:02  SCV  
  41  4:05  Supply Depot  
  41  4:13  Marine x2  
  41  4:14  SCV  
  44  4:19  Siege Tank  
  44  4:20  SCV  
  48  4:26  SCV  
  48  4:30  Marine, Supply Depot  
  50  4:31  Marine  
  50  4:32  SCV  
  50  4:34  Starport Tech Lab  
  52  4:39  SCV  
  52  4:44  SCV  
  54  4:45  Supply Depot  
  54  4:51  SCV  
  54  4:52  Siege Tank  
  58  4:57  SCV  
  58  4:58  Banshee  
  62  5:02  Barracks Tech Lab  
  62  5:03  SCV  
  63  5:09  SCV  
  64  5:15  SCV  
  65  5:22  Stimpack  
  65  5:23  Marauder  
  65  5:25  Engineering Bay  
  67  5:31  Command Center  
  67  5:45  Marauder  
  67  5:49  Supply Depot  
  69  5:52  Terran Infantry Weapons Level 1  
  69  6:00  Engineering Bay  
  68  6:06  Marauder  
  68  6:07  Barracks Tech Lab, Barracks  
  70  6:19  Supply Depot  
  70  6:22  Medivac  
  70  6:25  Combat Shield, Marine, Terran Infantry Armor Level 1  
  73  6:28  Marauder  
  75  6:43  SCV, Marauder  
  75  6:44  SCV  
  79  6:49  Marauder  
  79  6:52  Medivac  
  79  6:53  Marine  
  84  6:54  Refinery  
  84  6:56  Refinery  
  84  6:59  Orbital Command  
  84  7:04  Marauder, Missile Turret  
  86  7:10  Missile Turret, Marauder  
  86  7:12  Barracks Reactor  
  86  7:14  Concussive Shells  
  88  7:20  SCV, Barracks  
  88  7:21  SCV  
  90  7:26  Marauder  
  92  7:32  Marauder  
  92  7:36  Supply Depot  
  94  7:41  Medivac  
  96  7:46  Marine  
  97  7:53  Marine, Missile Turret  
  97  7:54  Command Center  
  98  8:05  Marauder  
  100  8:11  Medivac, Marauder  
  104  8:13  Supply Depot  
  104  8:17  Marine  
  105  8:26  Marauder  
  107  8:30  Armory  
  107  8:32  Marauder  
  109  8:37  Supply Depot  
  109  8:48  Marauder  
  111  8:49  Viking  
  111  8:54  Marauder  
  115  9:01  Missile Turret  
  115  9:06  SCV, Supply Depot  
  115  9:08  SCV  
  115  9:09  Marauder  
  106  9:10  Marine  
  106  9:12  Marine  
  106  9:16  Marine  
  102  9:18  Marine  
  102  9:23  SCV  
  106  9:26  SCV  
  106  9:28  SCV  
  107  9:32  SCV  
Tags
 
Add a new tag
Caveats
  • Supply blocks, unpowered buildings, or Contaminate may cause inaccurate times.
  • Supply counts are checked every 10 seconds.